Map: Vallée des cactus EC

Players

denrei

  • Race: Zerg Zerg
  • League: Grandmaster

AgCl - Winner!

  • Race: Protoss Protoss
  • League: Grandmaster

VOD

Have the link to the VOD?

Description

Time

  • Played on: July 12, 2015, 5:44 p.m.
  • Length: 7:19
Show
View Real Time Build Order
Export as new Build Order

denrei Zerg 

Build Orders: Pool First, Roach Nydus 

Get SALT Encoding   

  12  0:01  Drone  
  13  0:10  Drone  
  14  0:26  Spawning Pool  
  13  0:29  Drone  
  13  0:35  Extractor  
  13  0:36  Drone  
  14  0:45  Overlord  
  14  1:04  Drone x3  
  17  1:14  Queen  
  17  1:15  Drone  
  20  1:26  Zergling x2  
  21  1:46  Roach Warren  
  20  1:49  Drone, Overlord  
  21  1:58  Overlord  
  21  2:06  Lair  
  21  2:09  Drone  
  22  2:21  Drone  
  23  2:23  Drone  
  23  2:24  Drone  
  25  2:42  Drone  
  24  2:51  Drone x2  
  24  2:54  Roach x3  
  31  3:03  Drone  
  32  3:07  Roach  
  34  3:20  Drone  
  34  3:25  Overlord  
  34  3:26  Hatchery  
  34  3:28  Roach  
  36  3:36  Overseer  
  36  3:40  Drone  
  37  3:44  Extractor  
  37  3:46  Roach x2  
  40  4:06  Roach x2  
  45  4:10  Drone, Overlord  
  45  4:14  Overlord  
  45  4:28  Queen  
  47  4:37  Evolution Chamber  
  43  4:39  Drone x2  
  43  4:44  Drone  
  43  4:45  Drone x4  
  40  4:59  Drone  
  43  5:08  Spore Crawler  
  43  5:11  Drone  
  43  5:16  Drone  
  44  5:26  Queen  
  44  5:28  Spore Crawler, Drone  
  42  5:44  Queen  
  42  5:47  Spore Crawler  
  32  5:58  Nydus Network  
  27  6:34  Spawning Pool  
  26  6:41  Drone  
Show
View Real Time Build Order
Export as new Build Order

AgCl Protoss - Winner!

Build Orders: Oracle Opening 

Get SALT Encoding   

  12  0:18  Probe  
  13  0:22  Assimilator  
  13  0:24  Pylon  
  13  0:30  Probe  
  14  0:42  Probe  
  15  0:49  Gateway  
  15  0:54  Probe (Chrono Boost)  
  16  1:04  Probe (Chrono Boost)  
  17  1:11  Probe  
  18  1:23  Probe  
  18  1:25  Pylon  
  19  1:35  Probe  
  19  1:37  Zealot (Chrono Boost)  
  22  1:47  Cybernetics Core, Probe  
  22  1:57  Assimilator  
  22  1:59  Probe  
  23  2:12  Probe  
  24  2:25  Mothership Core (Chrono Boost)  
  28  2:39  Probe (Chrono Boost)  
  29  2:49  Stargate  
  29  2:51  Probe, Pylon  
  28  2:59  Warp Gate (Chrono Boost)  
  28  3:07  Zealot  
  28  3:09  Probe  
  28  3:11  Pylon  
  29  3:14  Nexus  
  29  3:29  Pylon  
  29  3:33  Oracle (Chrono Boost)  
  32  3:39  Probe  
  33  3:45  Pylon  
  33  3:51  Probe  
  34  4:01  Void Ray (Chrono Boost)  
  38  4:03  Probe  
  39  4:16  Probe (Chrono Boost)  
  40  4:17  Fleet Beacon  
  40  4:27  Probe (Chrono Boost)  
  41  4:34  Probe x2 (Chrono Boost)  
  43  4:45  Probe x2  
  44  4:52  Void Ray (Chrono Boost)  
  49  4:57  Probe  
  49  4:58  Probe  
  51  5:09  Probe  
  51  5:10  Probe  
  53  5:14  Graviton Catapult  
  53  5:17  Assimilator  
  53  5:21  Probe, Assimilator  
  53  5:22  Probe  
  53  5:23  Pylon  
  55  5:33  Probe  
  56  5:36  Carrier (Chrono Boost)  
  56  5:49  Probe  
  57  5:50  Probe  
  58  5:57  Pylon  
  58  5:59  Gateway, Forge  
  64  6:20  Probe (Chrono Boost)  
  64  6:22  Gateway  
  64  6:23  Pylon  
  66  6:26  Probe (Chrono Boost)  
  66  6:29  Probe (Chrono Boost)  
  68  6:33  Probe (Chrono Boost)  
  68  6:43  Probe  
  68  6:44  Photon Cannon  
  69  6:47  Photon Cannon  
  75  6:58  Adept  
  75  7:02  Zealot  
Tags
 
Add a new tag
Caveats
  • Supply blocks, unpowered buildings, or Contaminate may cause inaccurate times.
  • Supply counts are checked every 10 seconds.